 Dungeon Crawl Stone Soup version 0.28.0-1-gb440e238dd (webtiles) character file.

Game seed: 6833850507704105833

91 pkoi the Insei (level 4, -1/38 HPs)
             Began as a Draconian Monk on Feb 23, 2022.
             Slain by an adder (2 damage)
             ... on level 2 of the Dungeon.
             The game lasted 00:02:12 (2124 turns).

pkoi the Insei (Draconian Monk)                     Turns: 2124, Time: 00:02:12

Health: -1/38      AC:  5    Str: 13    XL:     4   Next: 33%
Magic:  4/4        EV: 12    Int: 13    God:
Gold:   74         SH:  0    Dex: 13    Spells: 0/3 levels left

rFire   . . .      SeeInvis .   c - +0 short sword (drain)
rCold   . . .      Faith    .   (no shield)
rNeg    . . .      Spirit   .   (armour unavailable)
rPois   .          Reflect  .   (helmet restricted)
rElec   .          Harm     .   (no cloak)
rCorr   .          Rampage  .   (no gloves)
Will    .....                   (no boots)
Stlth   ++........              (no amulet)
HPRegen 0.12/turn               (no ring)
MPRegen 0.09/turn               (no ring)

@: no status effects
A: AC +5, unfitting armour, cold-blooded
a: no special abilities


You were on level 2 of the Dungeon.
You visited 1 branch of the dungeon, and saw 3 of its levels.

You collected 74 gold pieces.

Inventory:

Hand Weapons
 b - a +0 short sword
 c - a +0 short sword of draining (weapon)
Scrolls
 a - a scroll of amnesia {unknown}
 f - 2 scrolls of identify {unknown}
 h - a scroll of fear {unknown}
 i - a scroll of holy word {unknown}
Potions
 d - 3 potions of curing {unknown}
 e - 2 potions of lignification {unknown}
 g - a potion of brilliance {unknown}


   Skills:
 - Level 3.2 Fighting
 - Level 2.6 Dodging
 - Level 1.7 Stealth
 + Level 5.2 Unarmed Combat


You couldn't memorise any spells.
You knew the following spells:

 Your Spells              Type           Power      Damage    Failure   Level
a - Frozen Ramparts       Ice            0%         1d2       67%         3

Your spell library contained the following spells:

 Spells                   Type           Power      Damage    Failure   Level
 Ice Form                 Ice/Tmut       0%         N/A       97%         4
 Summon Ice Beast         Ice/Summ       0%         N/A       97%         4
 Iskenderun's Battlesphe  Conj           0%         2d6       100%        5
 Iron Shot                Conj/Erth      0%         9d1       100%        6
 Spellforged Servitor     Conj/Summ      0%         N/A       100%        7


Dungeon Overview and Level Annotations

Branches:
Dungeon (3/15)

Altars:

Annotations:
D:2 Terence


Innate Abilities, Weirdness & Mutations

Your plain brown scales are hard. (AC +5)
You cannot fit into any form of body armour.
You are cold-blooded and may be slowed by cold attacks.


Message History

There is a stone staircase leading down here.
You climb downwards.
There is a stone staircase leading up here.
An adder is nearby!
Terence the Incautious comes into view.
He is wielding a +1 vorpal flail and wearing a +1 scale mail of willpower.
Terence shouts!
The adder hisses angrily.
The adder bites you.
You are poisoned.
The adder poisons you!
A ball python comes into view.
Found a dagger.
You feel sick. The adder barely misses you. The adder bites you.
You are more poisoned.
The adder poisons you!
The ball python hisses angrily.
You hit Terence but do no damage. You drain Terence.
Terence is moderately wounded.
You feel sick.
Terence hits you with a +1 vorpal flail!
* * * LOW HITPOINT WARNING * * *
x2 The adder barely misses you.
Terence barely misses you.
You feel sick. The adder bites you.
* * * LOW HITPOINT WARNING * * *
You feel sick. The adder closely misses you.
You feel sick. Terence says, "Did you write a will?
You should..."
You feel sick.
There is a stone staircase leading up here.
You feel sick. The adder closely misses you. x2
Terence asks, "Do you want it fast or slow?"
Terence hits you with a +1 vorpal flail!
* * * LOW HITPOINT WARNING * * *
x2 You climb upwards.
You feel sick.
You are no longer poisoned.
There is a stone staircase leading down here.
Terence hits you with a +1 vorpal flail.
* * * LOW HITPOINT WARNING * * *
x2 Terence closely misses you.
The adder bites you.
You die...

#.# #..#.#.# #.#
##.#.#.# ###.###
#.#.#.# ......#
#.#.#.# #####.#
#.#.#.# # ###.###
#.#.#>## #
#.....###.#.#.@#
###.###.##..<.##S#
##..# #.).....##@#
##..###.##...###.#
........###...##.#
#####.### ###.##.#
# ###.#######.##.#
###...........##.#
).....##########.#
###.### #.# #.#
#.#


You could see Terence (drained) and an adder.

Vanquished Creatures
  2 adders
  A worm (D:1)
  4 bats
  6 endoplasms
  3 giant cockroaches
  5 goblins
  10 hobgoblins
  4 jackals (D:1)
  2 quokkas (D:1)
  6 ball pythons
  5 frilled lizards
  8 kobolds
  7 rats
63 creatures vanquished.

Notes
Turn   | Place    | Note
-------+----------+-------------------------------------------
     0 | D:1      | pkoi the Draconian Monk began the quest for the Orb.
     0 | D:1      | Reached XP level 1. HP: 19/19 MP: 1/1
   122 | D:1      | Reached XP level 2. HP: 26/26 MP: 2/2
   237 | D:1      | Reached skill level 4 in Unarmed Combat
   523 | D:1      | Found a faded altar of an unknown god.
   636 | D:1      | Reached XP level 3. HP: 30/31 MP: 3/3
  1369 | D:2      | Reached skill level 5 in Unarmed Combat
  1369 | D:2      | Reached XP level 4. HP: 38/38 MP: 4/4
  1851 | D:2      | Learned a level 3 spell: Frozen Ramparts
  2111 | D:3      | Noticed Terence
  2122 | D:2      | HP: 1/38 [Terence (1)]
  2124 | D:2      | Slain by an adder

Illustrated notes

Levels and vault maps discovered:
D:1:      lightli_arrival_statue_moat, layout_basic, basic_ecumenical_altar
D:2:      layout_loops_ring, minmay_heptomino_o4
D:3:      layout_rooms, minmay_misc_feat_rugged, minmay_misc_feat_columns,
          uniq_sigmund, uniq_ijyb, uniq_terence

Skill      XL: |  1  2  3 |
---------------+----------+-----
Unarmed Combat | 4 5 |  5.2
Fighting       | |  3.2
Dodging        | |  2.6
Stealth        | |  1.7

Action                   |  1- 3 |  4- 6 || total
-------------------------+-------+-------++-------
Melee: Unarmed           |    48 |       ||    48
       Tailslap          |    13 |     2 ||    15
       Short sword       |    67 |    47 ||   114
       Punch             |     1 |     2 ||     3
 Stab: Sleeping          |     5 |     2 ||     7
Armor: Skin              |    26 |    15 ||    41
Dodge: Dodged            |    55 |    38 ||    93
